 Dungeon Crawl Stone Soup version 0.26-a0-572-g753d7e3450 (webtiles) character file.

Game seed: 2938261036167107643

369320 MrRokkomies the Earth Mage (level 21, -5/127 HPs)
             Began as a Deep Elf Ice Elementalist on Aug 20, 2020.
             Was the Champion of Makhleb.
             Slain by a +2 battleaxe of venom (25 damage)
             ... on level 1 of the Elven Halls on Aug 21, 2020.
             The game lasted 03:31:04 (69571 turns).

MrRokkomies the Earth Mage (DEIE)                  Turns: 69571, Time: 03:31:05

Health: -5/127     AC: 23    Str: 20    XL:     21   Next: 66%
Magic:  42/42      EV: 16    Int: 29    God:    Makhleb [******]
Gold:   750        SH:  0    Dex: 12    Spells: 6/50 levels left

rFire    + + .     SeeInvis +   L - staff of earth
rCold    + + +     Faith    +   (no shield)
rNeg     + + .     Spirit   .   B - +3 fire dragon scales
rPois    .         Reflect  .   R - +1 helmet {SInv}
rElec    +         Harm     .   I - scarf {repulsion}
rCorr    .                      X - +2 pair of gloves of Waecs {rN+}
MR       +++..                  F - +2 pair of boots {Stlth+}
Stlth    +.........             m - amulet of the Amoeba {Faith Str+6}
HPRegen  0.31/turn              u - ring "Ozin" {Ice rElec rN+ Str+7}
MPRegen  0.28/turn              Y - ring "Qeucus" {rElec rF+ rC+++ MR+ Dex-3}

@: repel missiles
A: no striking features
}: 2/15 runes: serpentine, barnacled
a: Minor Destruction, Lesser Servant of Makhleb, Major Destruction, Greater
Servant of Makhleb, Renounce Religion


You were on level 1 of the Elven Halls.
You worshipped Makhleb.
Makhleb was exalted by your worship.
You visited 8 branches of the dungeon, and saw 37 of its levels.
You visited 1 bazaar.
You also visited: Sewer and Ice Cave.

You collected 4212 gold pieces.
You spent 3462 gold pieces at shops.

Inventory:

Hand Weapons
 a - the +9 scimitar of Nightmares {protect, rF++}
   (You took it off a merfolk on level 4 of the Shoals)

   It grants its wielder temporary protection when it strikes (+7 to AC).
   It greatly protects you from fire.
 f - a +9 eudemon blade of holy wrath
 j - the +4 shortbow "Genuaj" {speed, Int+4 Dex+4}
   (You acquired it in a bazaar)

   Attacks with this weapon are significantly faster.
   It affects your intelligence (+4).
   It affects your dexterity (+4).
Missiles
 g - 15 throwing nets (quivered)
 n - 96 poisoned darts
 s - 807 arrows
 v - 10 curare-tipped darts
Armour
 B - +3 fire dragon scales (worn)
 E - a +2 robe of the Archmagi
 F - a +2 pair of boots of stealth (worn)
 I - a scarf of repulsion (worn)
 R - a +1 helmet of see invisible (worn)
 X - the +2 pair of gloves of Waecs (worn) {rN+}
   (You bought it in a shop in a bazaar)

   It protects you from negative energy.
Magical Staves
 b - an uncursed staff of cold
 L - an uncursed staff of earth (weapon)
Jewellery
 m - the amulet of the Amoeba (around neck) {Faith Str+6}
   (You acquired it in a sewer)

   [amulet of faith]

   It allows you to gain divine favour quickly.
   It affects your strength (+6).
 u - the ring "Ozin" (left hand) {Ice rElec rN+ Str+7}
   (You bought it in a shop on level 3 of the Snake Pit)

   [ring of ice]

   It enhances your ice magic.
   It affects your strength (+7).
   It makes you vulnerable to fire.
   It protects you from cold.
   It insulates you from electricity.
   It protects you from negative energy.
 W - an uncursed amulet of guardian spirit
 Y - the ring "Qeucus" (right hand) {rElec rF+ rC+++ MR+ Dex-3}
   (You bought it in a shop on level 3 of the Snake Pit)

   [ring of protection from fire]

   It affects your dexterity (-3).
   It protects you from fire.
   It renders you almost immune to cold.
   It insulates you from electricity.
   It affects your resistance to hostile enchantments.
Wands
 r - a wand of polymorph (29)
 y - a wand of flame (32)
 N - a wand of acid (14)
 S - a wand of digging (8)
Scrolls
 c - 7 scrolls of magic mapping
 h - a scroll of brand weapon
 k - 2 scrolls of fog
 l - 9 scrolls of fear
 p - 10 scrolls of amnesia
 w - a scroll of blinking
 C - 10 scrolls of immolation
 G - 2 scrolls of summoning
 H - 14 scrolls of identify
 P - a scroll of enchant armour
 T - 2 scrolls of teleportation
 U - 9 scrolls of remove curse
Potions
 d - a potion of stabbing
 e - 3 potions of brilliance
 i - a potion of magic
 o - 2 potions of resistance
 t - 3 potions of haste
 x - a potion of berserk rage
 z - 10 potions of lignification
 A - 6 potions of curing
 D - 5 potions of mutation
 K - 2 potions of invisibility
 M - a potion of might
 O - 5 potions of ambrosia
 Z - 6 potions of flight
Miscellaneous
 q - a condenser vane (2/2)
 J - a lightning rod (4/4)
 Q - a phial of floods
 V - a phantom mirror


   Skills:
 - Level 12.0 Fighting
 + Level 13.8 Long Blades
 - Level 14.0 Bows
 - Level 10.0 Armour
 - Level 12.3 Dodging
 - Level 2.4 Stealth
 - Level 15.0 Spellcasting
 - Level 5.0 Conjurations
 - Level 8.0 Transmutations
 - Level 15.0 Ice Magic
 * Level 19.6 Earth Magic
 - Level 13.0 Invocations


You had 6 spell levels left.
You knew the following spells:

 Your Spells              Type           Power        Failure   Level
a - Ozocubu's Refrigerat  Ice            ########..   1%          6
b - Frozen Ramparts       Ice            ######       1%          3
c - Ozocubu's Armour      Ice            ########     1%          3
d - Summon Ice Beast      Ice/Summ       #######.     2%          4
e - Hailstorm             Conj/Ice       #######.     1%          4
f - Lee's Rapid Deconstr  Erth           ########..   1%          5
g - Statue Form           Tmut/Erth      ########.    3%          6
h - Irradiate             Conj/Tmut      ######....   12%         5
i - Petrify               Tmut/Erth      ########     1%          4
j - Blink                 Tloc           N/A          10%         2
k - Passwall              Tmut/Erth      ########     1%          2

Your spell library contained the following spells:

 Spells                   Type           Power        Failure   Level
 Freeze                   Ice            ####         0%          1
 Sandblast                Erth           ######       0%          1
 Magic Dart               Conj           ####         1%          1
 Stone Arrow              Conj/Erth      ######       1%          3
 Ice Form                 Ice/Tmut       #######.     1%          4
 Leda's Liquefaction      Hex/Erth       #######...   1%          4
 Foxfire                  Conj/Fire      ####         2%          1
 Shock                    Conj/Air       ####         2%          1
 Animate Skeleton         Necr           ###...       6%          1
 Apportation              Tloc           ###...       6%          1
 Corona                   Hex            ###....      6%          1
 Summon Small Mammal      Summ           ###.         6%          1
 Conjure Flame            Conj/Fire      #####...     7%          3
 Static Discharge         Conj/Air       #####...     7%          3
 Metabolic Englaciation   Hex/Ice        #######...   8%          5
 Call Imp                 Summ           ###.....     10%         2
 Slow                     Hex            ###.....     10%         2
 Swiftness                Air            ###.....     10%         2
 Mephitic Cloud           Conj/Pois/Air  ####....     10%         3
 Gell's Gravitas          Tloc           ###.......   19%         3
 Inner Flame              Hex/Fire       ###.....     19%         3
 Lesser Beckoning         Tloc           ###.......   19%         3
 Portal Projectile        Hex/Tloc       ###...       19%         3
 Teleport Other           Tloc           ###.....     19%         3
 Tukima's Dance           Hex            ###.....     19%         3
 Sticky Flame             Conj/Fire      #####...     22%         4
 Alistair's Intoxication  Tmut/Pois      #####....    32%         5
 Hydra Form               Tmut           ######....   34%         6
 Simulacrum               Ice/Necr       #######...   41%         6
 Airstrike                Air            ###.......   52%         4
 Cause Fear               Hex            ###.......   52%         4
 Passage of Golubria      Tloc           N/A          52%         4
 Summon Lightning Spire   Summ/Air       ###.....     52%         4
 Fireball                 Conj/Fire      #####.....   52%         5
 Lightning Bolt           Conj/Air       #####.....   52%         5
 Freezing Cloud           Conj/Ice/Air   ######....   54%         6
 Silence                  Hex/Air        ###.......   86%         5
 Conjure Ball Lightning   Conj/Air       #####.....   98%         6
 Invisibility             Hex            ###.....     100%        6
 Dragon Form              Tmut           ######....   89%         7
 Shatter                  Erth           ########..   90%         9
 Tornado                  Air            ###.......   100%        9


Dungeon Overview and Level Annotations

Branches:
Dungeon (15/15)            Temple (1/1) D:6            Lair (6/6) D:11
 Shoals (4/4) Lair:2        Snake (4/4) Lair:2        Slime (0/5) Lair:6
    Orc (2/2) D:10            Elf (1/3) Orc:2        Vaults (4/5) D:14
  Crypt (0/3) Vaults:3     Depths (0/5) D:15          Sewer (visited)
  IceCv (visited)

Altars:
Ashenzari
Cheibriados
Dithmenos
Elyvilon
Fedhas
Gozag
Hepliaklqana
Kikubaaqudgha
Makhleb
Nemelex Xobeh
Okawaru
Qazlal
Ru
Sif Muna
Trog
Uskayaw
Vehumet
Wu Jian
Xom
Yredelemnul
Zin
The Shining One
Beogh
Jiyva

Shops:
D:6 !   D:10 *[*[   D:13 *   Orc:2 }(?}   Shoals:3 (   Snake:1 *   Snake:3 }==
Snake:4 (

Annotations:
D:12 2 transporters, fasse2k's ghost, journeyman GnIE
Shoals:3 1 runed translucent door, Raefieny's ghost, adept MiBe


Message History

You are too injured to fight recklessly!
You feel very sick.
You feel very sick.
You feel very sick.
You feel very sick.
There is an open door here.
You feel very sick.
You feel sick.
The +9 scimitar of Nightmares {protect, rF++} goes still.
L - an uncursed staff of earth (weapon)
You feel sick. The +2 battleaxe of venom hits you!!
* * * LOW HITPOINT WARNING * * *
You are more poisoned.
Casting: Lee's Rapid Deconstruction (safe; 1% risk of failure)
Confirm with . or Enter, or press ? or * to list all spells.
Okay, then.
Unknown command.
Unknown command.
You feel better. The +2 battleaxe of venom hits you!!
You die...

## ###.### ###+###
##+.....#+# #.....#
#.........#
#.....########.........#
+.....'....@('......!..#
#+...#########.........+
##.## #...?.....# #.#
###.....+## #.# ###.###
#.# ## #.## #..# ##.#


You could see a +2 battleaxe of venom.

Vanquished Creatures
  Mara (Vaults:4)
  Bai Suzhen (Vaults:2)
  Frederick (Vaults:3)
  Saint Roka (Vaults:1)
  Asterion (Snake:2)
  A titan (Vaults:4)
  A lich (Vaults:3)
  A sphinx (Vaults:2)
  Polyphemus (Shoals:2)
  2 krakens
  Donald (Snake:1)
  Kirke (D:15)
  A storm dragon (Vaults:3)
  Roxanne (D:15)
  A shadow dragon (Vaults:4)
  14 nagarajas
  3 fire giants (Vaults:4)
  12 vault wardens
  An orc warlord (Vaults:4)
  14 ironheart preservers
  3 entropy weavers
  3 very ugly things (Vaults:3)
  9 stone giants
  3 deep elf demonologists (Vaults:1)
  2 dire elephants (Lair:6)
  2 blizzard demons (IceCv)
  4 ettins
  3 deep elf death magi
  5 merfolk javelineers
  5 yaktaur captains
  4 merfolk impalers
  5 great orbs of eyes
  4 fire dragons
  31 naga warriors
  5 hydras
  3 ice dragons
  A rakshasa (Vaults:2)
  9 vault guards
  3 catoblepae
  4 centaur warriors
  11 anacondas
  4 merfolk avatars
  3 merfolk aquamancers (Shoals:4)
  Erica (D:8)
  2 satyrs (Shoals:4)
  40 two-headed ogres
  A death knight (Vaults:1)
  14 ogre magi
  A dancing weapon (Elf:1)
  5 death yaks
  A deep troll earth mage (Vaults:1)
  4 tengu warriors
  4 shock serpents
  17 naga sharpshooters
  11 deep elf knights
  A shadow wraith (Vaults:1)
  8 skeletal warriors
  A salamander mystic (Snake:1)
  6 unseen horrors
  A fire crab (shapeshifter) (D:15)
  8 sea snakes
  3 wizards
  10 deep trolls
  An orange crystal statue (D:11)
  7 deep elf archers
  9 naga ritualists
  23 deep elf magi
  An obsidian statue (D:11)
  12 ironbrand convokers
  A lindwurm (shapeshifter) (Vaults:4)
  5 orc knights
  13 harpies
  2 necromancers
  2 oklob plants (Lair:2)
  7 wolf spiders
  12 ugly things
  9 mana vipers
  9 manticores
  10 cyclopes
  20 fauns
  11 orc sorcerers
  7 salamanders
  A moth of wrath (shapeshifter) (Vaults:4)
  37 black mambas
  10 merfolk sirens
  Joseph (D:7)
  9 guardian serpents
  An ice statue (IceCv)
  16 naga magi
  10 vault sentinels
  4 water nymphs
  8 elephants
  A torpor snail (Lair:3)
  8 cane toads
  37 yaktaurs
  2 kobold demonologists (D:12)
  A human zombie (Vaults:1)
  A rime drake (Lair:2)
  2 anaconda simulacra (IceCv)
  4 ice devils (IceCv)
  5 komodo dragons
  4 freezing wraiths
  2 trolls
  A queen bee (Lair:1)
  3 harpy zombies (Shoals:1)
  6 meliai
  24 merfolk
  A jumping spider (Vaults:4)
  2 hornets (shapeshifter)
  Prince Ribbit (D:8)
  4 wind drakes
  2 hornets
  16 dream sheep
  A snapping turtle (shapeshifter) (Vaults:1)
  A frost giant simulacrum (Vaults:4)
  6 slime creatures
  17 hippogriffs
  2 stone giant simulacra (Vaults:3)
  11 snapping turtles
  5 redbacks (Vaults:4)
  A shadow (D:14)
  2 vampires
  A dire elephant simulacrum (IceCv)
  An ettin skeleton (Vaults:1)
  39 yaks
  4 wyverns
  5 water elementals (Shoals:4)
  5 wraiths
  2 hogs (D:15)
  21 humans (D:14)
  3 steam dragons
  A fire elemental (Elf:1)
  A golden eye (shapeshifter) (Vaults:2)
  4 vampire mosquitoes (D:14)
  A basilisk (D:14)
  2 wargs
  82 nagas
  An acid dragon (Vaults:1)
  6 harpy simulacra (IceCv)
  3 hydra simulacra (IceCv)
  A soldier ant (D:15)
  12 water moccasins
  9 porcupines
  33 orc warriors
  Purgy (Sewer)
  2 alligator simulacra (IceCv)
  A hornet zombie (Vaults:1)
  3 ettin simulacra (IceCv)
  6 sky beasts
  2 phantoms
  A black bear (shapeshifter) (Vaults:3)
  3 ice beasts
  A necrophage (D:10)
  24 ogres
  14 boggarts
  16 centaurs
  An elf skeleton (Vaults:1)
  26 wolves
  12 crocodiles
  A hippogriff zombie (Shoals:1)
  26 bullfrogs
  2 big kobolds (D:12)
  A wyvern zombie (D:8)
  A water moccasin zombie (D:5)
  An elephant simulacrum (IceCv)
  3 human simulacra
  24 killer bees (Lair:1)
  18 wights
  7 electric eels
  3 howler monkeys
  4 hounds
  A bullfrog zombie (D:9)
  5 draconian simulacra (IceCv)
  17 orc priests
  2 bullfrog skeletons
  5 jellies
  44 orc wizards
  6 centaur skeletons
  Jessica (D:2)
  2 spriggan simulacra (IceCv)
  14 worker ants
  2 wolf simulacra (IceCv)
  6 troll simulacra (IceCv)
  A centaur simulacrum (IceCv)
  A hound zombie (D:11)
  A worker ant zombie (D:6)
  12 adders
  An ogre simulacrum (IceCv)
  15 gnolls
  4 naga simulacra (IceCv)
  A shadow imp (D:5)
  6 white imps
  3 ufetubi
  An ooze (D:2)
  An adder skeleton (D:4)
  An adder zombie (D:9)
  6 worms
  A dart slug (D:2)
  5 leopard geckos
  110 orcs
  2 bat zombies (D:9)
  8 giant cockroaches
  6 goblins
  4 hobgoblins
  23 jackals
  14 kobolds
  5 quokkas
  9 bats
  2 frilled lizards
  A leopard gecko skeleton (D:4)
  8 rats
  2 rat zombies (D:9)
  A butterfly (Lair:6)
  2 crawling corpses (Vaults:1)
  115 plants
  4 tentacles
1678 creatures vanquished.

Vanquished Creatures (collateral kills)
  Mennas (Vaults:4)
  Rupert (Lair:5)
  Jorgrun (Snake:3)
  2 krakens
  Gastronok (D:9)
  A storm dragon (Vaults:4)
  Ilsuiw (Shoals:3)
  A nagaraja (Snake:2)
  2 dire elephants (Lair:6)
  Snorg (Lair:3)
  A merfolk impaler (Shoals:3)
  A fire dragon (D:15)
  A vault guard (D:14)
  A naga warrior (Snake:4)
  3 hydras
  3 death yaks
  2 naga sharpshooters
  5 sea snakes
  4 harpies
  2 oklob plants
  A cyclops (Shoals:3)
  An ugly thing (D:14)
  4 elephants
  A manticore (Shoals:3)
  5 merfolk sirens (Shoals:3)
  Psyche (D:10)
  3 cane toads
  A rime drake (Lair:1)
  2 merfolk (Shoals:3)
  A polar bear (Lair:4)
  9 dream sheep
  2 snapping turtles
  A basilisk (shapeshifter) (D:13)
  A steam dragon (Lair:5)
  2 vampire mosquitoes (D:14)
  A water moccasin (Lair:5)
  3 wolves (Lair:3)
  3 wights (D:8)
  An orc priest (Orc:1)
  An orc wizard (Orc:1)
  A bullfrog skeleton (D:10)
  A plant (Lair:2)
  4 tentacles (Shoals:3)
85 creatures vanquished.

Vanquished Creatures (others)
  An ogre mage (Vaults:2)
  2 ugly things (Vaults:2)
  3 yaktaurs
  A naga (Snake:1)
  An ice beast (D:9)
  3 ogres (Vaults:2)
  A crocodile (Lair:6)
  2 white imps (IceCv)
  4 ufetubi (IceCv)
  An orc (Vaults:4)
  14 fungi
  106 plants
  13 tentacles
152 creatures vanquished.

Grand Total: 1915 creatures vanquished

Notes
Turn   | Place    | Note
-------+----------+-------------------------------------------
     0 | D:1      | MrRokkomies the Deep Elf Ice Elementalist began the quest
                  | for the Orb.
     0 | D:1      | Reached XP level 1. HP: 10/10 MP: 6/6
   260 | D:1      | Reached XP level 2. HP: 10/15 MP: 6/8
   672 | D:1      | Reached skill level 5 in Ice Magic
   672 | D:1      | Reached XP level 3. HP: 19/19 MP: 5/9
   677 | D:1      | Learned a level 3 spell: Frozen Ramparts
   681 | D:1      | Learned a level 3 spell: Ozocubu's Armour
  1622 | D:2      | Noticed Jessica
  1627 | D:2      | Killed Jessica
  1627 | D:2      | Reached XP level 4. HP: 24/24 MP: 7/10
  2692 | D:3      | Found a hide-covered altar of Uskayaw.
  2798 | D:3      | Reached XP level 5. HP: 18/28 MP: 8/11
  2810 | D:3      | Reached skill level 5 in Dodging
  3179 | D:3      | Found a shattered altar of Ashenzari.
  3861 | D:4      | Reached XP level 6. HP: 26/33 MP: 12/12
  4487 | D:4      | Found a glowing golden altar of the Shining One.
  4493 | D:4      | Found a stormy altar of Qazlal.
  4997 | D:5      | Entered Level 5 of the Dungeon
  5002 | D:5      | Reached skill level 1 in Fighting
  5046 | D:5      | Found a glowing drain.
  5102 | Sewer    | Entered a sewer
  5105 | Sewer    | Identified a scroll of acquirement
  5105 | Sewer    | Acquired the amulet of the Amoeba {Faith Str+6}
  5225 | Sewer    | Learned a level 4 spell: Summon Ice Beast
  5284 | Sewer    | Noticed Purgy
  5293 | Sewer    | Killed Purgy
  5293 | Sewer    | Reached XP level 7. HP: 38/38 MP: 15/15
  5342 | Sewer    | Got an iridescent shortbow
  5343 | Sewer    | Identified the cursed +0 shortbow "Koeng" {venom, Int+3}
                  | (You found it in a sewer)
  5655 | D:5      | Acquired a book of Geomancy
  5686 | D:5      | Found a blossoming altar of Fedhas.
  5773 | D:5      | Found a radiant altar of Vehumet.
  6392 | D:6      | Found Ijohit's Distillery.
  6400 | D:6      | Bought a potion of heal wounds for 60 gold pieces
  6400 | D:6      | Bought a potion of heal wounds for 60 gold pieces
  6400 | D:6      | Bought a potion of lignification for 36 gold pieces
  6400 | D:6      | Bought a potion of curing for 36 gold pieces
  6406 | D:6      | Found a staircase to the Ecumenical Temple.
  6415 | Temple   | Entered the Ecumenical Temple
  6599 | Temple   | Became a worshipper of Makhleb the Destroyer
  6633 | D:6      | Reached XP level 8. HP: 20/44 MP: 17/17
  6634 | D:6      | Reached skill level 5 in Spellcasting
  7594 | D:6      | Learned a level 4 spell: Hailstorm
  7752 | D:6      | Reached * piety under Makhleb
  8911 | D:7      | Found an ornate altar of the Wu Jian Council.
  9014 | D:7      | Reached skill level 1 in Bows
  9034 | D:7      | Noticed Joseph
  9043 | D:7      | HP: 2/46 [Joseph/sling bullet (13)]
  9046 | D:7      | Killed Joseph
  9046 | D:7      | Reached XP level 9. HP: 28/51 MP: 18/18
  9212 | D:7      | Found an ornate altar of the Wu Jian Council.
  9308 | D:7      | Reached ** piety under Makhleb
  9946 | D:8      | Noticed Erica
  9957 | D:8      | Killed Erica
  9957 | D:8      | Reached skill level 10 in Dodging
  9957 | D:8      | Reached skill level 10 in Ice Magic
 10105 | D:8      | Found a glowing silver altar of Zin.
 10411 | D:8      | Noticed Prince Ribbit
 10423 | D:8      | Killed Prince Ribbit
 10423 | D:8      | Reached XP level 10. HP: 52/58 MP: 21/21
 10451 | D:8      | Noticed a two-headed ogre
 10460 | D:8      | Killed a two-headed ogre
 10468 | D:8      | Learned a level 5 spell: Lee's Rapid Deconstruction
 10519 | D:8      | Reached skill level 5 in Bows
 10519 | D:8      | Reached skill level 1 in Earth Magic
 10720 | D:8      | Reached *** piety under Makhleb
 10720 | D:8      | Reached skill level 1 in Conjurations
 10827 | D:8      | Reached skill level 2 in Earth Magic
 10836 | D:8      | Reached skill level 5 in Fighting
 11575 | D:9      | Found a hazy altar of Hepliaklqana.
 11659 | D:8      | Reached skill level 3 in Earth Magic
 11882 | D:9      | Reached skill level 4 in Earth Magic
 12042 | D:9      | Reached **** piety under Makhleb
 12115 | D:9      | Noticed a two-headed ogre
 12127 | D:9      | Killed a two-headed ogre
 12186 | D:9      | Noticed a two-headed ogre
 12195 | D:9      | Reached XP level 11. HP: 26/64 MP: 23/23
 12210 | D:9      | Killed a two-headed ogre
 12210 | D:9      | Reached skill level 5 in Earth Magic
 12415 | D:9      | Noticed Gastronok
 12441 | D:9      | Killed Gastronok
 12566 | D:9      | Reached skill level 6 in Earth Magic
 12765 | D:9      | Found an ancient bone altar of Kikubaaqudgha.
 12804 | D:10     | Entered Level 10 of the Dungeon
 13036 | D:10     | Found Bowke's Antique Armour Emporium.
 13039 | D:10     | Bought a pair of glowing boots for 195 gold pieces
 13308 | D:10     | Found a staircase to the Orcish Mines.
 13502 | D:10     | Found Eddip's General Store.
 13565 | D:10     | Reached ***** piety under Makhleb
 13583 | D:10     | Acquired an uncursed staff of cold
 13716 | D:10     | Found Seahyef's Armour Shoppe.
 13745 | D:10     | Bought a scarf of repulsion for 120 gold pieces
 13804 | D:10     | Noticed a two-headed ogre
 13816 | D:10     | Killed a two-headed ogre
 13816 | D:10     | Reached skill level 7 in Earth Magic
 13913 | D:10     | Noticed Psyche
 13930 | D:10     | Killed Psyche
 14322 | D:10     | Found Enny's Assorted Antiques.
 14327 | D:10     | Noticed a catoblepas
 14354 | D:10     | Killed a catoblepas
 14354 | D:10     | Reached skill level 5 in Conjurations
 14813 | D:11     | Killed an unseen horror
 14917 | D:11     | Reached skill level 8 in Earth Magic
 15050 | D:11     | Found a staircase to the Lair.
 15775 | D:11     | Killed an unseen horror
 15775 | D:11     | Reached XP level 12. HP: 73/73 MP: 24/24
 15910 | D:11     | Reached skill level 9 in Earth Magic
 16217 | D:11     | You fall into a shaft and drop 2 floors!
 17162 | D:12     | Found a transporter.
 17165 | D:12     | Noticed a two-headed ogre
 17168 | D:12     | Noticed a stone giant
 17169 | D:12     | Found a bloodstained altar of Trog.
 17169 | D:12     | Noticed fasse2k's ghost (journeyman GnIE)
 17174 | D:12     | Found a transporter.
 17228 | D:12     | Identified the +4 halberd of the Living Dead {antimagic,
                  | MR+}
 17228 | D:12     | Noticed a tengu warrior
 17287 | D:12     | Reached skill level 10 in Earth Magic
 17895 | D:11     | Got a brightly glowing robe
 17896 | D:11     | Identified the +2 robe of Betaud {Int+3} (You found it on
                  | level 11 of the Dungeon)
 17953 | Lair:1   | Entered Level 1 of the Lair of Beasts
 17962 | Lair:1   | Reached ****** piety under Makhleb
 17964 | Lair:1   | Reached skill level 10 in Bows
 18015 | Lair:1   | Noticed an eight-headed hydra
 18024 | Lair:1   | Killed an eight-headed hydra
 18024 | Lair:1   | Reached skill level 1 in Invocations
 18372 | Lair:1   | Reached skill level 1 in Long Blades
 18399 | Lair:1   | Noticed a five-headed hydra
 18402 | Lair:1   | Killed a five-headed hydra
 18471 | Lair:1   | Reached XP level 13. HP: 81/81 MP: 25/25
 19320 | Lair:2   | Reached skill level 10 in Fighting
 19699 | Lair:2   | Found a staircase to the Snake Pit.
 19717 | Lair:2   | Reached skill level 5 in Invocations
 19878 | Lair:2   | Found a staircase to the Shoals.
 21964 | Lair:3   | Noticed Snorg
 21976 | Lair:3   | Killed Snorg
 22975 | Lair:4   | Learned a level 6 spell: Statue Form
 23219 | Lair:4   | Reached skill level 1 in Transmutations
 23921 | Lair:5   | Noticed Rupert
 23923 | Lair:5   | Paralysed by Rupert for 7 turns
 23940 | Lair:5   | Killed Rupert
 24002 | Lair:5   | Identified the +4 great sword "Goblinbane" {venom, +Rage
                  | Dex+2} (You found it on level 5 of the Lair of Beasts)
 24256 | Lair:5   | Reached XP level 14. HP: 87/88 MP: 26/26
 24986 | Lair:6   | Entered Level 6 of the Lair of Beasts
 25321 | Lair:6   | Found a viscous altar of Jiyva.
 25321 | Lair:6   | Found a staircase to the Slime Pits.
 26891 | Lair:6   | Reached skill level 5 in Transmutations
 26922 | Lair:6   | Reached skill level 5 in Long Blades
 27777 | Orc:1    | Entered Level 1 of the Orcish Mines
 28099 | Orc:1    | Found a burning altar of Makhleb.
 28491 | Orc:2    | Entered Level 2 of the Orcish Mines
 28508 | Orc:2    | Found a roughly hewn altar of Beogh.
 28524 | Orc:2    | Found a staircase to the Elven Halls.
 29064 | Orc:2    | Paralysed by an orc sorcerer for 6 turns
 29073 | Orc:2    | Reached skill level 10 in Invocations
 29174 | Orc:2    | Found Luenas's Gadget Emporium.
 29217 | Orc:2    | Found Asmanimm's Magic Scroll Shoppe.
 29323 | Orc:2    | Found a radiant altar of Vehumet.
 29374 | Orc:2    | Found an ancient bone altar of Kikubaaqudgha.
 29458 | Orc:2    | Found a roughly hewn altar of Beogh.
 29465 | Orc:2    | Found Wirureud's Gadget Emporium.
 29543 | Orc:2    | Found Ceobitz Ashri's Antique Weapon Emporium.
 30990 | D:13     | You fall into a shaft and drop 2 floors!
 30990 | D:15     | Entered Level 15 of the Dungeon
 31075 | D:15     | Identified Roxanne's Catalogue of the Rocks
 31075 | D:15     | Noticed Roxanne
 31080 | D:15     | Killed Roxanne
 31080 | D:15     | Reached XP level 15. HP: 92/92 MP: 15/27
 31557 | D:15     | Found a staircase to the Depths.
 31945 | D:15     | Found a shadowy altar of Dithmenos.
 32299 | D:15     | Noticed Kirke
 32305 | D:15     | Killed Kirke
 33542 | D:14     | Reached skill level 11 in Earth Magic
 33841 | D:14     | HP: 3/92 [poisoned by a vault guard]
 34378 | D:14     | Found a gate to the Vaults.
 35026 | D:13     | Found an opulent altar of Gozag.
 35028 | D:13     | Found Gozag's Platinum Reserve.
 35449 | Shoals:1 | Entered Level 1 of the Shoals
 36892 | Shoals:1 | Found the +5 scythe "Finisher" {speed, eviscerate}
 37124 | Shoals:1 | Reached skill level 12 in Earth Magic
 37205 | Shoals:1 | Noticed a kraken
 37221 | Shoals:1 | Killed a kraken
 37221 | Shoals:1 | Reached XP level 16. HP: 59/97 MP: 18/28
 38073 | Shoals:2 | Noticed Polyphemus
 38086 | Shoals:2 | Killed Polyphemus
 39762 | Shoals:3 | Noticed Ilsuiw
 40018 | Shoals:3 | Found Hesot's Antique Weapon Boutique.
 40413 | Shoals:3 | Killed Ilsuiw
 40413 | Shoals:3 | Reached skill level 13 in Earth Magic
 40733 | Shoals:3 | Found a runed translucent door.
 40736 | Shoals:3 | Noticed Raefieny's ghost (adept MiBe)
 40973 | Shoals:3 | Learned a level 5 spell: Irradiate
 41111 | Shoals:3 | Noticed a kraken
 41128 | Shoals:3 | Killed a kraken
 41128 | Shoals:3 | Reached skill level 10 in Spellcasting
 41298 | Shoals:3 | Noticed a kraken
 41317 | Shoals:3 | Killed a kraken
 41674 | Snake:1  | Entered Level 1 of the Snake Pit
 42253 | Snake:1  | Learned a level 4 spell: Petrify
 42260 | Snake:1  | Found Dannushy's General Store.
 43123 | Snake:1  | Reached skill level 14 in Earth Magic
 43307 | Snake:2  | Noticed Asterion
 43908 | Snake:2  | Reached XP level 17. HP: 84/102 MP: 13/34
 44275 | Snake:1  | Learned a level 2 spell: Blink
 44284 | Snake:2  | Noticed Donald
 44304 | Snake:1  | Killed Donald
 44747 | Snake:2  | Killed Asterion
 45885 | Snake:3  | Found a frozen archway.
 45896 | IceCv    | Entered an ice cave
 47014 | IceCv    | Reached skill level 15 in Earth Magic
 47367 | IceCv    | Learned a level 6 spell: Ozocubu's Refrigeration
 47801 | Snake:3  | Noticed Jorgrun
 47807 | Snake:3  | Killed Jorgrun
 48315 | Snake:3  | Reached skill level 10 in Long Blades
 48525 | Snake:3  | Found Foigopri's Gadget Boutique.
 48525 | Snake:3  | Found Soti's Jewellery Shoppe.
 48526 | Snake:3  | Found Caujimm's Jewellery Shoppe.
 48545 | Snake:3  | Bought the ring "Qeucus" {rElec rF+ rC+++ MR+ Dex-3} for
                  | 1319 gold pieces
 48545 | Snake:3  | Bought the ring "Ozin" {Ice rElec rN+ Str+7} for 1042 gold
                  | pieces
 49133 | Snake:4  | Entered Level 4 of the Snake Pit
 51123 | Snake:4  | Reached XP level 18. HP: 107/107 MP: 17/38
 51206 | Snake:4  | Reached skill level 15 in Spellcasting
 53780 | Snake:4  | Found Rutz's Weapon Boutique.
 53799 | Snake:4  | Reached skill level 16 in Earth Magic
 54515 | Snake:4  | Got a serpentine rune of Zot
 54786 | Shoals:4 | Entered Level 4 of the Shoals
 54995 | Shoals:4 | Identified the +9 scimitar of Nightmares {protect, rF++}
 55810 | Shoals:4 | Got a barnacled rune of Zot
 56797 | Shoals:4 | Upgraded the game from 0.26-a0-547-g695e311587 to
                  | 0.26-a0-572-g753d7e3450
 57027 | Shoals:4 | Reached XP level 19. HP: 106/116 MP: 33/40
 58174 | Vaults:1 | Entered Level 1 of the Vaults
 58201 | Vaults:1 | Reached skill level 1 in Armour
 58411 | Vaults:1 | Noticed a Brimstone Fiend
 58575 | Vaults:1 | Noticed a Brimstone Fiend
 58770 | Vaults:1 | Noticed Saint Roka
 58774 | Vaults:1 | Reached skill level 17 in Earth Magic
 58777 | Vaults:1 | Killed Saint Roka
 60103 | Vaults:1 | Reached skill level 5 in Armour
 60944 | Vaults:2 | Learned a level 2 spell: Passwall
 60960 | Vaults:2 | Reached XP level 20. HP: 122/122 MP: 9/41
 61132 | Vaults:2 | Found a flickering gateway to a bazaar.
 61135 | Bazaar   | Entered a bazaar
 61135 | Bazaar   | Found Nurphuf's Distillery.
 61135 | Bazaar   | Found Higo's Antique Armour Emporium.
 61198 | Bazaar   | Found Cumyfofu's Antique Weapon Shoppe.
 61202 | Bazaar   | Bought a potion of heal wounds for 50 gold pieces
 61202 | Bazaar   | Bought a potion of heal wounds for 50 gold pieces
 61202 | Bazaar   | Bought a potion of magic for 80 gold pieces
 61202 | Bazaar   | Bought a potion of resistance for 100 gold pieces
 61202 | Bazaar   | Bought a potion of curing for 30 gold pieces
 61202 | Bazaar   | Bought a potion of curing for 30 gold pieces
 61212 | Bazaar   | Found Lape Veo's Antique Weapon Emporium.
 61216 | Bazaar   | Bought a glowing helmet for 112 gold pieces
 61216 | Bazaar   | Bought a pair of encrusted gloves for 142 gold pieces
 61236 | Bazaar   | Identified the +2 pair of gloves of Waecs {rN+} (You bought
                  | it in a shop in a bazaar)
 61250 | Bazaar   | Acquired the +4 shortbow "Genuaj" {speed, Int+4 Dex+4}
 63399 | Vaults:3 | Noticed Frederick
 63420 | Vaults:3 | Noticed Bai Suzhen
 63421 | Vaults:3 | Killed Frederick
 63551 | Vaults:2 | Killed Bai Suzhen
 63784 | Vaults:3 | Reached skill level 15 in Ice Magic
 63925 | Vaults:3 | Found a staircase to the Crypt.
 64376 | Vaults:3 | Reached skill level 18 in Earth Magic
 66071 | Vaults:3 | Reached XP level 21. HP: 127/127 MP: 29/42
 66227 | Vaults:4 | Noticed Mennas
 66469 | Vaults:4 | Killed Mennas
 67618 | Vaults:4 | Noticed Mara
 67875 | Vaults:4 | Noticed MrRokkomies's illusion
 67881 | Vaults:4 | Killed Mara
 68037 | Vaults:4 | Reached skill level 19 in Earth Magic
 68080 | Vaults:4 | Reached skill level 10 in Armour
 68614 | Vaults:4 | Found the +9 heavy crossbow "Sniper" {vorpal, Acc+∞ SInv}
 69414 | Elf:1    | Entered Level 1 of the Elven Halls
 69571 | Elf:1    | Slain by a +2 battleaxe of venom

Illustrated notes

Levels and vault maps discovered:
D:1:      zaba_arrival_water, layout_rooms
D:2:      layout_basic, minivault_4, minmay_misc_feat_secret_circle,
          uniq_jessica
D:3:      minmay_door_path, layout_loops_ring, lemuel_doored_altar,
          evilmike_ruin_ashenzari
D:4:      layout_gridville, amethyst_overflow_temple_binary
D:5:      layout_loops_ring, nicolae_overflow_crystal_walls,
          fiery_altar_vehumet, portal_sewer_entry_c
D:6:      layout_basic, minmay_temple_entry_sparse_star, serial_shops, shop,
          hangedman_decor_points
D:7:      layout_loops_ring, lemuel_round_altar, basic_altar,
          wad_floor_pattern_untrapped, hangedman_decor_push,
          minmay_statues_item, uniq_joseph
D:8:      layout_gridville, lemuel_round_altar, grunt_decor_arrowhead,
          minmay_chambers_of_fives, uniq_prince_ribbit1, uniq_erica
D:9:      layout_cave_pools, lemuel_crystal_altar,
          lemuel_zombie_altar_kikubaaqudgha, uniq_gastronok
D:10:     layout_layer_cave, erik_orc_2, serial_shops, shop_statue, shop,
          kennysheep_mini, nicolae_shop_stone, uniq_psyche
D:11:     minmay_angry_zag, layout_loops_ring, erik_lair_island,
          minmay_misc_feat_x, david_greed
D:12:     layout_gridville, gammafunk_ghost_wrathful_warriors
D:13:     layout_stronghold, nicolae_gozag_zags_fifth_avenue
D:14:     layout_grid_maze, grunt_vaults_entry_tiered, minmay_misc_feat_iff,
          lightli_fourway_metalbox
D:15:     grunt_enter_depths_hoard, layout_small_grid,
          chequers_serial_rivers_micro_c,
          nicolae_dithmenos_through_a_glass_darkly, uniq_roxanne, uniq_kirke
Temple:   minmay_temple_bridge_abc
Lair:1:   layout_roguey [special_room_bee], minmay_stone_trees_small
Lair:2:   layout_long_grid, elwin_shoals_entry_stream,
          guppyfry_snake_entry_garden, fungi_pond_lemuel, serial_bayou_crossing,
          minmay_lair_oklob_chamber
Lair:3:   layout_hall_layers, st_stairs_4, minivault_25, grunt_megastairs_5,
          lemuel_fruit_fields, serial_bayou_shore_b, uniq_snorg
Lair:4:   layout_cave_pods
Lair:5:   layout_hall_layers, uniq_rupert
Lair:6:   due_jungle_book, layout_concentric_octagons,
          dpeg_slime_entry_enclosed_altar, lemuel_fruit_fields
Shoals:1: layout_shoals, nicolae_shoals_undead_eyrie
Shoals:2: layout_shoals, uniq_polyphemus
Shoals:3: layout_shoals, serial_shops, shop, ebering_ghost_reflecting_pool,
          uniq_ilsuiw
Shoals:4: shoals_end_grunt_garden, layout_shoals,
          nicolae_shoals_dead_sea_scrolls
Snake:1:  layout_misc_corridors, serial_shops, nicolae_shop_waterfront,
          lemuel_fruit_tree
Snake:2:  layout_gridlike, uniq_donald, uniq_asterion
Snake:3:  layout_misc_corridors, portal_ice_cave_entry_pillars_three,
          minmay_shop_grove, uniq_jorgrun
Snake:4:  grunt_snake_rune_spirals, layout_onion, serial_shops, shop,
          grunt_ministairs_4
Orc:1:    layout_diamond_mine, basic_altar
Orc:2:    kennysheep_orc_mage_school, layout_caves, basic_altar
Elf:1:    minmay_elf_arrival_circle, layout_geoelf_grid, serial_shops,
          shop_fountains, nicolae_shop_window_shopping, shop,
          hangedman_elf_represent
Vaults:1: hangedman_vaults_stretched_pinwheel, nicolae_vaults_network_barrier,
          nicolae_vaults_windows_and_doors_thing, vaults_mumra_chevron,
          v_misc_9, v_misc_15, ontoclasm_vaults_ring_small,
          ontoclasm_vaults_eye, layout_vaults_quadrants, uniq_saint_roka
Vaults:2: nicolae_vaults_arrows, nicolae_vaults_meeting, v_misc_19,
          vaults_room_door_ring, dpeg_vaults_monster_box,
          nicolae_vaults_little_squares_5, v_rooms_2, nicolae_vaults_triangles,
          vaults_mumra_lcd, v_misc_4, nicolae_vaults_sealed_display,
          ontoclasm_vaults_ring_large, ontoclasm_vaults_idyll, v_alt_pattern_3,
          layout_vaults_omnibox, serial_shops, freezing_bzr
Vaults:3: v_misc_10, minmay_crypt_entry_nasty_monster, vaults_room_semicircle,
          vaults_dpeg_cross, nicolae_vaults_disjoint_gnomons, v_misc_10,
          hangedman_vaults_stretched_pinwheel, v_misc_29, grunt_vaults_focal,
          ontoclasm_vaults_shuriken, vaults_mumra_chevron_long,
          grunt_vaults_hallway_short, v_pattern_3, nicolae_vaults_quartermaster,
          nicolae_vaults_theta, hangedman_vaults_river_flow, v_misc_23,
          layout_vaults_maze_bifur, uniq_frederick, uniq_bai_suzhen
Vaults:4: vaults_room_grid, grunt_vaults_hallway_short, v_misc_1, serial_ice_g,
          hangedman_vaults_snaps, minmay_guarded_unrand_secular_launcher,
          ontoclasm_vaults_ligature, nicolae_vaults_ring_of_whatevers,
          v_pattern_5, nicolae_vaults_mini_display_case, layout_vaults_big_room,
          uniq_mennas, uniq_mara

Skill      XL: |  1  2  3  4  5  6  7  8  9 10 11 12 13 14 15 16 17 18 19 20 21 |
---------------+----------------------------------------------------------------+-----
Dodging        | 3 4 5 6 7 9 10 11 12 | 12.3
Ice Magic      | 5 6 7 9 10 11 12 13 15 | 15.0
Fighting       | 1 2 3 4 6 8 9 10 11 12 | 12.0
Spellcasting   | 4 5 6 7 11 14 15 | 15.0
Bows           | 2 4 6 8 10 11 13 14 | 14.0
Earth Magic    | 4 8 10 12 14 15 16 17 18 19 | 19.6
Conjurations   | 3 5 |  5.0
Invocations    | 3 7 10 13 | 13.0
Long Blades    | 1 4 6 7 9 10 11 12 13 | 13.8
Transmutations | 2 7 8 |  8.0
Armour         | 5 8 10 | 10.0
Stealth        | |  2.4

Action                   |  1- 3 |  4- 6 |  7- 9 | 10-12 | 13-15 | 16-18 | 19-21 || total
-------------------------+-------+-------+-------+-------+-------+-------+-------++-------
Melee: Dagger            |    28 |       |       |       |       |       |       ||    28
       Rapier            |    22 |     4 |       |       |       |       |       ||    26
       Hand axe          |       |    61 |       |       |       |       |       ||    61
       Short sword       |       |    67 |       |       |       |       |       ||    67
       Scimitar          |       |       |       |    59 |   222 |   282 |   621 ||  1184
       Staff             |       |       |       |     3 |    17 |    10 |     4 ||    34
       Eudemon blade     |       |       |       |       |       |       |     9 ||     9
 Fire: Shortbow          |       |       |   307 |   688 |   883 |   321 |     4 ||  2203
Throw: Javelin           |       |     8 |       |       |     1 |       |       ||     9
       Throwing net      |       |       |       |     1 |       |     1 |       ||     2
 Cast: Freeze            |    41 |    25 |     9 |    37 |   142 |    55 |       ||   309
       Frozen Ramparts   |     2 |    17 |    24 |    33 |    71 |    28 |       ||   175
       Ozocubu's Armour  |       |     4 |     9 |    10 |    15 |    11 |       ||    49
       Summon Ice Beast  |       |       |     2 |    17 |    95 |    43 |     1 ||   158
       Lee's Rapid Decon |       |       |       |    48 |    99 |    98 |    41 ||   286
       Statue Form       |       |       |       |       |    13 |    22 |     7 ||    42
       Hailstorm         |       |       |       |       |    57 |    94 |       ||   151
       Irradiate         |       |       |       |       |       |    19 |     2 ||    21
       Ozocubu's Refrige |       |       |       |       |       |   214 |   192 ||   406
       Petrify           |       |       |       |       |       |       |     3 ||     3
Invok: Lesser Servant of |       |       |       |       |     2 |       |       ||     2
       Greater Servant o |       |       |       |       |     1 |     9 |     4 ||    14
Evoke: Wand              |       |       |       |       |       |    12 |     1 ||    13
  Use: Scroll            |       |    11 |     8 |     6 |    13 |    10 |    16 ||    64
       Potion            |       |     2 |     1 |     1 |     4 |     7 |    10 ||    25
 Stab: Sleeping          |     4 |     7 |       |     3 |     3 |     4 |     1 ||    22
       Distracted        |       |       |       |       |       |     2 |     1 ||     3
       Petrified         |       |       |       |       |       |       |     3 ||     3
Armor: Robe              |    20 |    26 |    22 |    74 |   134 |    69 |       ||   345
       Skin              |       |       |       |       |    70 |   101 |    43 ||   214
       Fire dragon scale |       |       |       |       |       |       |   272 ||   272
Dodge: Dodged            |    76 |   117 |   131 |   367 |   978 |   681 |   485 ||  2835
       Repelled          |       |       |       |     5 |     9 |    59 |     9 ||    82
       Rpst.: Scimitar   |       |       |       |    16 |    66 |    56 |    60 ||   198
       Eudemon blade     |       |       |       |       |       |       |     1 ||     1

Table legend: (Time is in decaauts)
 A = Elapsed time spent in this place.
 B = Non-inter-level travel time spent in this place.
 C = Inter-level travel time spent in this place.
 D = Time resting spent in this place.
 E = Time spent auto-exploring this place.
 F = Levels seen in this place.
 G = Mean time per level.
                   A        B        C        D        E       F      G
               +--------+--------+--------+--------+--------+-----+--------+
         Total |  70294 |  67149 |   3145 |   8828 |  47247 |  40 | 1757.3 |
       Dungeon |  23516 |  22240 |   1276 |   1782 |  16553 |  15 | 1567.7 |
        Temple |    204 |    172 |     32 |      0 |    171 |   1 |  204.0 |
          Lair |   9984 |   9459 |    525 |    434 |   7577 |   6 | 1664.0 |
        Shoals |   9882 |   9435 |    447 |   2065 |   6124 |   4 | 2470.5 |
     Snake Pit |  11686 |  11367 |    319 |   2561 |   7031 |   4 | 2921.5 |
  Orcish Mines |   1978 |   1849 |    129 |     71 |   1421 |   2 |  989.0 |
   Elven Halls |    151 |    151 |      0 |      0 |    105 |   1 |  151.0 |
        Vaults |  10809 |  10395 |    414 |    958 |   7633 |   4 | 2702.2 |
        Bazaar |    120 |    120 |      0 |      0 |     90 |   1 |  120.0 |
         Sewer |    279 |    279 |      0 |    130 |     63 |   1 |  279.0 |
      Ice Cave |   1680 |   1680 |      0 |    825 |    477 |   1 | 1680.0 |
               +--------+--------+--------+--------+--------+-----+--------+

Top non-repeatable levels by time:
 Snake:4: 5473 daAuts
Vaults:3: 3083 daAuts
Vaults:4: 2736 daAuts
Vaults:1: 2728 daAuts
  Lair:6: 2641 daAuts
Shoals:1: 2560 daAuts
Shoals:4: 2541 daAuts
 Snake:1: 2489 daAuts
Shoals:2: 2424 daAuts
    D:14: 2413 daAuts
     D:6: 2395 daAuts
Shoals:3: 2357 daAuts
Vaults:2: 2261 daAuts
    D:11: 2117 daAuts
    D:10: 2073 daAuts
